 Dungeon Crawl Stone Soup version 0.19-a0-787-gcef06a7 (webtiles) character file.

362 Etesian the Poker (level 6, 0/50 HPs)
             Began as a Merfolk Fighter on June 26, 2016.
             Slain by a hound (5 damage)
             ... on level 4 of the Dungeon.
             The game lasted 00:05:23 (2798 turns).

Etesian the Poker (Merfolk Fighter)                 Turns: 2798, Time: 00:05:24

Health: 0/50       AC:  7    Str: 16    XL:     6   Next: 66%
Magic:  6/6        EV: 10    Int:  8    God:
Gold:   100        SH:  9    Dex: 15    Spells: 0 memorised, 5 levels left

rFire  + . .     SeeInvis .     a - +1 trident
rCold  + + .     Gourm    .     p - +2 ring mail of Plasticity {*Contam +Inv rF+ rC+}
rNeg   . . .     Faith    .     c - +0 shield
rPois  .         Spirit   .     e - +0 helmet
rElec  .         Dismiss  .     (no cloak)
rCorr  .         Reflect  .     (no gloves)
SustAt .         Harm     .     (no boots)
MR     +....                    (no amulet)
Stlth  +.........               (no ring)
                                (no ring)

@: somewhat resistant to hostile enchantments, very unstealthy
A: change form in water, swift swim, claws 1, rugged brown scales 1, cold
resistance 1, deformed body, magic resistance 1, evolution 1
a: Evoke Invisibility


You were on level 4 of the Dungeon.
You were hungry.

You visited 1 branch of the dungeon, and saw 4 of its levels.

You collected 100 gold pieces.

Inventory:

Hand Weapons
 a - a +1 trident (weapon)
Armour
 c - a +0 shield (worn)
 e - a +0 helmet (worn)
 p - the +2 ring mail of Plasticity (worn) {*Contam +Inv rF+ rC+}
   (You found it on level 4 of the Dungeon)

   It protects you from fire.
   It protects you from cold.
   It lets you turn invisible.
   It causes magical contamination when unequipped.
Wands
 b - a wand of paralysis (11/24)
Scrolls
 j - 3 scrolls of remove curse
Potions
 d - a potion of might
 h - a potion of agility
 i - a potion of haste {unknown}
 k - a potion of flight {unknown}
 l - a potion of resistance {unknown}
 m - a potion of brilliance {unknown}
 r - a potion of cancellation {unknown}
Comestibles
 f - 2 bread rations
 g - 3 meat rations
 n - a beef jerky
 o - 8 chunks of flesh
 q - a slice of pizza


   Skills:
 + Level 4.5 Fighting
 * Level 6.4 Polearms
 - Level 2.5 Armour
 + Level 3.3 Dodging
 + Level 4.0 Shields


You had 5 spell levels left.
You didn't know any spells.

Dungeon Overview and Level Annotations

Branches:
Dungeon (4/15)
 Temple: D:4-7

Altars:
Elyvilon
Vehumet

Annotations:
D:4 exclusion: upstairs


Innate Abilities, Weirdness & Mutations

You revert to your normal form in water.
You are very nimble and swift while swimming.
You have sharp fingernails.
You are partially covered in rugged brown scales. (AC +1, +3% HP)
Your flesh is cold resistant. (rC+)
Armour fits poorly on your strangely shaped body.
You are resistant to hostile enchantments. (MR+)
You evolve.


Message History

You take 3 damage, and have 20/50 hp.
You barely miss the ogre.
The ogre is heavily wounded.
The hound barely misses you. The ogre hits you with a giant club!
* * * LOW HITPOINT WARNING * * *
The hound barely misses you.
You are too injured to fight recklessly!
You are too injured to fight recklessly!
You take 16 damage, and have 4/50 hp.
MASSIVE DAMAGE!!
You are too injured to fight recklessly!
You are too injured to fight recklessly!
You are too injured to fight recklessly!
You are too injured to fight recklessly!
You are too injured to fight recklessly!
The hound bites you but does no damage. The hound closely misses you.
Okay, then.
The hound barely misses you. The hound bites you.
You die...

##........##.<#.........#..#
#........####.#...........##
........### #...........###
......... ##..........#
......... ##.........#
.....>...# ##.........#
.........# #...>......#
##..........#
#####.h@........#
#.O.l.#.....<...#
##.#####........##
##.O...#........##
#..<..$.......###
#...............#
#...............#
.?...............#
#.##...........


You could see an ogre, a hound and a giant gecko.

Vanquished Creatures
  An ogre (D:4)
  A hound (D:4)
  2 orc wizards (D:3)
  An orc priest (D:2)
  A worker ant (D:4)
  3 adders
  3 worms
  5 dart slugs
  3 giant geckos
  8 orcs (D:3)
  A ball python (D:2)
  11 bats
  6 giant cockroaches
  9 hobgoblins
  2 quokkas (D:2)
  2 giant newts (D:1)
  9 goblins
  8 kobolds
  8 rats
84 creatures vanquished.

Notes
Turn   | Place    | Note
--------------------------------------------------------------
     0 | D:1      | Etesian the Merfolk Fighter began the quest for the Orb.
     0 | D:1      | Reached XP level 1. HP: 18/18 MP: 1/1
   189 | D:1      | Reached XP level 2. HP: 24/24 MP: 2/2
   240 | D:1      | You fall through a shaft!
   442 | D:1      | Reached XP level 3. HP: 29/29 MP: 3/3
   491 | D:1      | Reached skill level 4 in Polearms
   821 | D:2      | Gained mutation: Armour fits poorly on your strangely shaped body. [potion of mutation]
   821 | D:2      | Gained mutation: Your flesh is cold resistant. (rC+) [potion of mutation]
   821 | D:2      | Gained mutation: You have sharp fingernails. [potion of mutation]
   822 | D:2      | Gained mutation: You are partially covered in rugged brown scales. (AC +1, +3% HP) [potion of mutation]
   822 | D:2      | Gained mutation: You evolve. [potion of mutation]
  1008 | D:2      | Reached XP level 4. HP: 29/38 MP: 4/4
  1204 | D:2      | Reached skill level 1 in Dodging
  1249 | D:2      | Found a radiant altar of Vehumet.
  1477 | D:2      | Found a white marble altar of Elyvilon.
  1539 | D:2      | Reached skill level 5 in Polearms
  1539 | D:2      | Reached XP level 5. HP: 39/43 MP: 5/5
  2182 | D:4      | Gained mutation: You are resistant to hostile enchantments. (MR+) [evolution]
  2186 | D:4      | Reached XP level 6. HP: 33/50 MP: 6/6
  2208 | D:4      | Reached skill level 6 in Polearms
  2210 | D:4      | Got a fine ring mail
  2232 | D:4      | Identified the +2 ring mail of Plasticity {*Contam +Inv rF+ rC+} (You found it on level 4 of the Dungeon)
  2553 | D:3      | Found a faded altar of an unknown god.
  2798 | D:4      | Slain by a hound

Vault maps used:
D:1:      tarquinn_simple_flora_water_b, minmay_pentomino_p4
D:2:      lemuel_doored_altar, old_standard_altar
D:3:      kennysheep_the_goblin_king, ecumenical_altar_2
D:4:      yredelemnul_altar_generic, first_bread, uniq_eustachio, uniq_pikel,
          uniq_grinder

Skill      XL: |  1  2  3  4  5  6 |
---------------+-------------------+-----
Polearms       | 4 5 6 |  6.4
Dodging        | 1 2 3 |  3.3
Fighting       | 4 |  4.5
Shields        | 4 |  4.0
Armour         | |  2.5

Action                   |  1- 3 |  4- 6 || total
-------------------------+-------+-------++-------
Melee: Trident           |   139 |   178 ||   317
  Use: Scroll            |     3 |     4 ||     7
       Potion            |     2 |       ||     2
  Eat: Chunk             |     1 |     5 ||     6
Armor: Scale mail        |    64 |    28 ||    92
       Ring mail         |       |    13 ||    13
Dodge: Dodged            |    35 |    37 ||    72
Block: Shield            |    66 |    63 ||   129
